[Event "January 9 Late 2024"]
[Site "https://www.chess.com"]
[Date "2024.01.09"]
[Round "3"]
[White "Adewumi, Tanitoluwa"]
[Black "Daneshvar, Bardiya"]
[Result "0-1"]
[Board "39"]
[TimeControl "180+1"]
[WhiteFideId "30966396"]
[BlackFideId "12576468"]
[WhiteElo "2708"]
[BlackElo "2940"]
[WhiteTeam "USA"]
[BlackTeam "IRI"]
[WhiteClock "0:00:01"]
[BlackClock "0:00:06"]

1. e4 c6 2. d4 Na6 3. Nc3 Nc7 4. Nf3 d5 5. Bd3 g6 6. Bf4 Bg7 7. O-O dxe4 8. Nxe4 Nf6 9. Re1 O-O 10. c3 Ncd5 11. Bg5 h6 12. Nxf6+ exf6 13. Bh4 g5 14. Bg3 f5 15. h3 f4 16. Bh2 Be6 17. Bc2 Rc8 18. Qd3 Re8 19. Re2 Qf6 20. Rae1 Kf8 21. Ne5 Red8 22. Qh7 Re8 23. Qd3 Rcd8 24. Qh7 Ne7 25. h4 Ng8 26. hxg5 hxg5 27. Qh5 Re7 28. g3 Rde8 29. gxf4 gxf4 30. Bb3 f3 31. Re4 Qf5 32. Qh4 Bxb3 33. axb3 f6 34. Rf4 Rxe5 35. Rxf5 Rxe1# 0-1

[Event "January 9 Late 2024"]
[Site "https://www.chess.com"]
[Date "2024.01.09"]
[Round "3"]
[White "Manolache, Marius"]
[Black "Matlakov, Maxim"]
[Result "0-1"]
[Board "40"]
[TimeControl "180+1"]
[WhiteFideId "1201530"]
[BlackFideId "4168003"]
[WhiteElo "2705"]
[BlackElo "2930"]
[WhiteTeam "ROU"]
[BlackTeam "RUS"]
[WhiteClock "0:00:23"]
[BlackClock "0:00:39"]

1. d4 Nf6 2. Nf3 e6 3. c4 Bb4+ 4. Bd2 a5 5. Qc2 d5 6. e3 O-O 7. Nc3 c6 8. Be2 Nbd7 9. O-O Qe7 10. b3 Bd6 11. h3 h6 12. Rfe1 dxc4 13. bxc4 e5 14. Bd3 Re8 15. Bf5 e4 16. Nh2 g6 17. Bxd7 Bxd7 18. Nf1 b5 19. c5 Bc7 20. Ng3 b4 21. Na4 Nd5 22. a3 h5 23. axb4 axb4 24. Nb6 Nxb6 25. cxb6 Bxb6 26. Rxa8 Rxa8 27. Qxe4 Qxe4 28. Nxe4 Bf5 29. Nc5 Bxc5 30. dxc5 b3 31. Bc3 f6 32. e4 Re8 33. f3 Kf7 34. Ra1 Be6 35. Ra7+ Re7 36. Rxe7+ Kxe7 37. Kf2 h4 38. Ke3 Bc4 39. Kf2 Ke6 40. g3 g5 41. gxh4 gxh4 42. f4 f5 43. e5 Kd5 44. Bb2 Ke4 45. e6 Bxe6 46. Ke2 Kxf4 47. Kf2 Ke4 48. Ke2 f4 49. Bf6 Bxh3 50. Kd2 Be6 51. Bxh4 Kf3 0-1

[Event "January 9 Late 2024"]
[Site "https://www.chess.com"]
[Date "2024.01.09"]
[Round "3"]
[White "Ozates, Tuna"]
[Black "Indjic, Aleksandar"]
[Result "0-1"]
[Board "41"]
[TimeControl "180+1"]
[WhiteFideId "6354521"]
[BlackFideId "911925"]
[WhiteElo "2677"]
[BlackElo "2929"]
[WhiteTeam "TUR"]
[BlackTeam "SRB"]
[WhiteClock "0:00:03"]
[BlackClock "0:00:41"]

1. e4 c5 2. Nf3 d6 3. Bb5+ Bd7 4. Bxd7+ Nxd7 5. O-O Ngf6 6. Qe2 Rc8 7. b3 g6 8. Bb2 Bg7 9. d4 cxd4 10. Nxd4 Nc5 11. Nd2 e5 12. N4f3 O-O 13. Nc4 Ncxe4 14. Rad1 Qe7 15. Rfe1 b5 16. Ne3 a6 17. c4 Qb7 18. Nd5 bxc4 19. Nxf6+ Nxf6 20. Rxd6 c3 21. Ba3 e4 22. Ne5 Rfe8 23. Nc4 Nh5 24. Rb6 Qc7 25. Bd6 Qa7 26. Qe3 Nf6 27. Rb4 Qd7 28. Ra4 Rxc4 29. Rxc4 Qxd6 30. Qxc3 Ng4 31. Qg3 Qxg3 32. hxg3 f5 33. Rc6 a5 34. Rd1 Ne5 35. Rc7 Nd3 36. a3 Bd4 37. Kf1 Rb8 38. b4 axb4 39. axb4 Rxb4 40. f3 Rb2 41. fxe4 fxe4 42. Ra1 Rf2+ 43. Kg1 0-1

[Event "January 9 Late 2024"]
[Site "https://www.chess.com"]
[Date "2024.01.09"]
[Round "3"]
[White "Koksal, Ege"]
[Black "Bok, Benjamin"]
[Result "0-1"]
[Board "42"]
[TimeControl "180+1"]
[WhiteFideId "6317626"]
[BlackFideId "1017063"]
[WhiteElo "2638"]
[BlackElo "2929"]
[WhiteTeam "TUR"]
[BlackTeam "NED"]
[WhiteClock "0:00:07"]
[BlackClock "0:00:26"]

1. d4 Nf6 2. Nf3 e6 3. Bf4 c5 4. c3 d5 5. e3 Bd6 6. Nbd2 O-O 7. Bd3 Bxf4 8. exf4 Qb6 9. Qb3 Qc7 10. dxc5 Qxf4 11. O-O Nbd7 12. Qb4 Qc7 13. Nb3 a5 14. Qh4 e5 15. Bf5 a4 16. Bxd7 Nxd7 17. Nbd2 Nxc5 18. Qb4 f6 19. Rfd1 Be6 20. Nf1 Rfd8 21. Ne3 Qa5 22. Qa3 Qb6 23. Rd2 Ne4 24. Rd3 Qc5 25. Qxc5 Nxc5 26. Rd2 Ne4 27. Rd3 a3 28. b3 Nxc3 29. Rxc3 d4 30. Rc7 dxe3 31. fxe3 Rd7 32. Rxd7 Bxd7 33. Rd1 Be6 34. Kf2 Rc8 35. Rd2 Kf7 36. e4 Ke7 37. Ke3 Rc3+ 38. Rd3 Rxd3+ 39. Kxd3 Bxb3 0-1

[Event "January 9 Late 2024"]
[Site "https://www.chess.com"]
[Date "2024.01.09"]
[Round "3"]
[White "Alekseenko, Kirill"]
[Black "Yang, Kevin"]
[Result "1-0"]
[Board "43"]
[TimeControl "180+1"]
[WhiteFideId "4135539"]
[BlackFideId "30908485"]
[WhiteElo "2927"]
[BlackElo "2624"]
[WhiteTeam "AUT"]
[BlackTeam "USA"]
[WhiteClock "0:00:46"]
[BlackClock "0:00:00"]

1. e4 c6 2. d4 d5 3. e5 Bf5 4. Nf3 e6 5. Be2 Nd7 6. O-O Bg6 7. Nbd2 Nh6 8. Nb3 a5 9. a4 Nf5 10. Bd2 Be7 11. g4 Nh6 12. Ne1 Ng8 13. f4 Be4 14. Bf3 Bxf3 15. Qxf3 h5 16. h3 hxg4 17. hxg4 Qb6 18. Nd3 c5 19. dxc5 Qc7 20. Nd4 Nxc5 21. Nb5 Qc6 22. Be3 Ne4 23. Rac1 Rh4 24. Bf2 Nxf2 25. Nxf2 Bc5 26. c3 Nh6 27. Nd4 Qb6 28. Qg3 Bxd4 29. cxd4 1-0

[Event "January 9 Late 2024"]
[Site "https://www.chess.com"]
[Date "2024.01.09"]
[Round "3"]
[White "Ibarra Jerez, Jose Carlos"]
[Black "Pinheiro, Iung Alicio de O."]
[Result "1-0"]
[Board "44"]
[TimeControl "180+1"]
[WhiteFideId "2226332"]
[BlackFideId "2104350"]
[WhiteElo "2926"]
[BlackElo "2609"]
[WhiteTeam "ESP"]
[BlackTeam "BRA"]
[WhiteClock "0:00:06"]
[BlackClock "0:00:04"]

1. d4 Nf6 2. Nc3 d5 3. Bf4 g6 4. h4 h5 5. Nb5 Na6 6. e3 Bg7 7. Nf3 O-O 8. Ne5 c6 9. Nc3 c5 10. Nb5 cxd4 11. exd4 Nb4 12. c3 Nc6 13. Bd3 Ng4 14. Nxg4 Bxg4 15. f3 Bd7 16. O-O e5 17. dxe5 Nxe5 18. Bg5 Qb6+ 19. Nd4 Qxb2 20. Rc1 Rac8 21. Rf2 Qa3 22. Nb3 Nxd3 23. Qxd3 Bf5 24. Qd2 Qa4 25. Nd4 Bd7 26. Bh6 Rfe8 27. Bxg7 Kxg7 28. Qf4 Qa3 29. Nb3 Qe7 30. Qd4+ Qf6 31. Qxd5 Bc6 32. Qd4 Rcd8 33. Qxf6+ Kxf6 34. Nd4 Bd5 35. Rb2 b6 36. Kf2 Rc8 37. a4 Rc5 38. Nb5 Re7 39. Rd1 Bc6 40. Rd6+ Kg7 41. Rd3 Bxb5 42. axb5 Ree5 43. Ra2 Rxb5 44. Rxa7 Rb2+ 45. Kg3 Ree2 46. Rdd7 Rxg2+ 47. Kf4 Kf6 48. Rd6+ Kg7 49. Rdd7 Kf6 50. Rxf7+ Ke6 51. Rfc7 Kd6 52. Rf7 Kc6 53. Rac7+ Kb5 54. Rf6 Rbe2 55. Rb7 Kc4 56. Rc7+ Kd3 57. Rd6+ Kc2 58. Rxb6 Rh2 59. Kg5 Reg2+ 60. Kh6 Rxh4 61. Rf7 Rh1 62. Rxg6 Rf2 63. f4 Kxc3 64. f5 Rhf1 65. Kg5 h4 66. Rc6+ Kd3 67. Rd7+ Ke4 68. f6 Rf5+ 69. Kg6 R5f2 70. f7 Rg1+ 71. Kh7 Rgf1 72. Re6+ Kf5 73. f8=Q+ Kxe6 74. Re7+ Kd6 75. Qd8+ Kc6 76. Rc7+ Kb6 77. Qb8+ 1-0

[Event "January 9 Late 2024"]
[Site "https://www.chess.com"]
[Date "2024.01.09"]
[Round "3"]
[White "Zhigalko, Sergei"]
[Black "Rogov, Matfey"]
[Result "1-0"]
[Board "45"]
[TimeControl "180+1"]
[WhiteFideId "13502956"]
[BlackFideId "44191308"]
[WhiteElo "2921"]
[BlackElo "2582"]
[WhiteTeam "BLR"]
[BlackTeam "RUS"]
[WhiteClock "0:00:25"]
[BlackClock "0:00:00"]

1. e4 e5 2. Nf3 Nc6 3. Bb5 Bb4 4. O-O Nge7 5. c3 Ba5 6. d4 exd4 7. cxd4 d5 8. e5 O-O 9. h3 Bf5 10. Nc3 a6 11. Ba4 Bb6 12. Re1 Nb4 13. Bg5 c6 14. a3 Nd3 15. Nh4 Be4 16. Nxe4 dxe4 17. Nf5 f6 18. exf6 Nxf5 19. f7+ Rxf7 20. Bxd8 Rxd8 21. Bb3 Bxd4 22. Bxf7+ Kxf7 23. Qb3+ Kf6 24. Re2 Ng3 25. Rd2 Nf5 26. Rad1 c5 27. Rxd3 exd3 28. Rxd3 Rd6 29. Qxb7 Re6 30. Rd1 Re2 31. Qxa6+ Kg5 32. Qxe2 1-0

[Event "January 9 Late 2024"]
[Site "https://www.chess.com"]
[Date "2024.01.09"]
[Round "3"]
[White "Liascovich, Lucas"]
[Black "Pham, Le Thao Nguyen"]
[Result "1-0"]
[Board "46"]
[TimeControl "180+1"]
[WhiteFideId "108634"]
[BlackFideId "12401226"]
[WhiteElo "2916"]
[BlackElo "2579"]
[WhiteTeam "ARG"]
[BlackTeam "VIE"]
[WhiteClock "0:00:46"]
[BlackClock "0:00:00"]

1. e4 c5 2. Nc3 a6 3. d4 cxd4 4. Qxd4 e6 5. Bf4 Nc6 6. Qe3 d6 7. O-O-O Qc7 8. Qg3 Ne5 9. Nf3 f6 10. Nxe5 dxe5 11. Be3 Bd7 12. f4 Ne7 13. fxe5 fxe5 14. Be2 O-O-O 15. Rhf1 Nc6 16. Rf7 Bb4 17. Bg4 Nd4 18. Bxd4 exd4 19. Qxc7+ Kxc7 20. Rxd4 Bc5 21. Rd3 Rhf8 22. Rxg7 Kc6 23. Bf3 e5 24. a3 Be6 25. Rxd8 Rxd8 26. Nd5 Bxd5 27. exd5+ Kb6 28. Rxh7 Be3+ 29. Kd1 Re8 30. Ke2 Bc1 31. d6 e4 32. Bh5 Rd8 33. d7 Bxb2 34. a4 Bd4 35. Be8 Kc5 36. Rh4 Kd5 37. g4 b5 38. axb5 a5 39. Rh5+ Kc4 40. Bf7+ Kb4 41. Rd5 Bb6 42. g5 a4 43. g6 a3 44. Rd1 Kxb5 45. g7 1-0

[Event "January 9 Late 2024"]
[Site "https://www.chess.com"]
[Date "2024.01.09"]
[Round "3"]
[White "Kuzubov, Yuriy"]
[Black "Silva, Kaua Marques"]
[Result "0-1"]
[Board "47"]
[TimeControl "180+1"]
[WhiteFideId "14112906"]
[BlackFideId "22701168"]
[WhiteElo "2905"]
[BlackElo "2569"]
[WhiteTeam "UKR"]
[BlackTeam "BRA"]
[WhiteClock "0:00:00"]
[BlackClock "0:00:03"]

1. d4 Nf6 2. Nf3 e6 3. c4 c5 4. e3 b6 5. Nc3 Bb7 6. Be2 cxd4 7. exd4 d5 8. cxd5 Nxd5 9. Bb5+ Bc6 10. Qa4 Bxb5 11. Qxb5+ Qd7 12. Nxd5 exd5 13. Qxd7+ Kxd7 14. Ne5+ Ke6 15. Be3 f6 16. Nd3 Nc6 17. Nf4+ Kd6 18. h4 Be7 19. Kd2 Rac8 20. h5 f5 21. Rac1 Bf6 22. Ne2 g5 23. hxg6 hxg6 24. b3 g5 25. f3 Rce8 26. Bf2 Ne7 27. g3 a6 28. Kd3 Nc6 29. a3 b5 30. Be3 Na5 31. Rxh8 Rxh8 32. Rb1 Rh2 33. g4 f4 34. Nxf4 Ra2 35. Nh5 Be7 36. Bd2 Nc6 37. Ng3 Kd7 38. Nf5 Bd8 39. Bc1 a5 40. Bb2 b4 41. a4 Bf6 42. Bc1 Rf2 43. Ke3 Rc2 44. Bd2 Nd8 45. Kd3 Ra2 46. Ne3 Kd6 47. Nd1 Ne6 48. Be3 Nf4+ 49. Bxf4+ gxf4 50. Rb2 Ra1 51. Rd2 Bh4 52. Kc2 Be1 53. Re2 Bg3 0-1

[Event "January 9 Late 2024"]
[Site "https://www.chess.com"]
[Date "2024.01.09"]
[Round "3"]
[White "Lin, Bryan Enming"]
[Black "Hess, Robert"]
[Result "0-1"]
[Board "48"]
[TimeControl "180+1"]
[WhiteFideId "30987121"]
[BlackFideId "2022036"]
[WhiteElo "2565"]
[BlackElo "2904"]
[WhiteTeam "USA"]
[BlackTeam "USA"]
[WhiteClock "0:00:36"]
[BlackClock "0:00:06"]

1. e4 d5 2. exd5 Qxd5 3. Nc3 Qd6 4. d4 Nf6 5. Nf3 a6 6. g3 Bg4 7. Bg2 Nc6 8. h3 Bh5 9. Bf4 Qe6+ 10. Qe2 Bxf3 11. Qxe6 fxe6 12. Bxf3 Nxd4 13. Bxb7 Rb8 14. O-O-O Rxb7 15. Rxd4 g6 16. Ra4 Bg7 17. Rxa6 Nd5 18. Nxd5 Bxb2+ 19. Kd2 exd5 20. Rb1 Kd7 21. Rxb2 Rxb2 22. Be5 Rhb8 23. Bxb2 Rxb2 24. Ra8 h5 25. Ra6 e6 26. h4 Rb4 27. Ra8 Rd4+ 28. Ke2 Re4+ 29. Kd2 Rd4+ 30. Ke2 Rg4 31. Rg8 c5 32. Kd2 Ke7 33. Ke2 Kf7 34. Rc8 Rc4 35. Kd2 Kf6 36. Rf8+ Ke5 37. f3 Rd4+ 38. Ke2 Ra4 39. Rc8 c4 40. Rg8 Kf6 41. c3 Rxa2+ 42. Ke3 Rc2 43. Kd4 Rd2+ 44. Kc5 Rd3 45. Rf8+ Ke7 46. Rg8 Kf7 47. Ra8 Rxf3 48. Kd6 Rxg3 49. Ra1 Rf3 50. Ra7+ Kf6 51. Ra8 Rxc3 52. Rf8+ Kg7 53. Rc8 Rh3 54. Kxe6 Rxh4 55. Kxd5 Kh6 56. Ke5 Kg5 57. Ra8 Rg4 58. Ra5 Kh4 59. Ra3 Rg3 60. Ra4 Rg5+ 61. Kf6 Rg4 62. Ra3 g5 63. Kf5 Rf4+ 64. Ke5 Kg4 65. Ra1 Rf3 66. Ra4 h4 67. Rxc4+ Rf4 68. Rc1 h3 69. Rf1 Rxf1 0-1

[Event "January 9 Late 2024"]
[Site "https://www.chess.com"]
[Date "2024.01.09"]
[Round "3"]
[White "Taboas Rodriguez, Daniel"]
[Black "Santos Latasa, Jaime"]
[Result "1-0"]
[Board "49"]
[TimeControl "180+1"]
[WhiteFideId "2208466"]
[BlackFideId "2293307"]
[WhiteElo "2565"]
[BlackElo "2903"]
[WhiteTeam "ESP"]
[BlackTeam "ESP"]
[WhiteClock "0:01:17"]
[BlackClock "0:00:39"]

1. d4 Nf6 2. Nf3 g6 3. c4 Bg7 4. Nc3 O-O 5. e4 d6 6. Be2 Na6 7. Bg5 h6 8. Bh4 Qe8 9. O-O g5 10. Bg3 Nh5 11. Re1 c6 12. Qd2 Nc7 13. Rad1 Rb8 14. Bf1 Nxg3 15. hxg3 b5 16. cxb5 cxb5 17. e5 d5 18. a3 b4 19. axb4 Rxb4 20. Ra1 a6 21. Ra5 Qc6 22. Rc5 Qb6 23. Rxc7 Rxb2 24. Qc1 Be6 25. Na4 1-0

[Event "January 9 Late 2024"]
[Site "https://www.chess.com"]
[Date "2024.01.09"]
[Round "3"]
[White "Melkumyan, Hrant"]
[Black "Jarocka, Liwia"]
[Result "1-0"]
[Board "50"]
[TimeControl "180+1"]
[WhiteFideId "13302485"]
[BlackFideId "21807558"]
[WhiteElo "2897"]
[BlackElo "2422"]
[WhiteTeam "ARM"]
[BlackTeam "POL"]
[WhiteClock "0:00:12"]
[BlackClock "0:00:04"]

1. d4 d5 2. c4 e6 3. Nc3 Nf6 4. Bf4 c5 5. e3 cxd4 6. exd4 Bb4 7. Nf3 O-O 8. Rc1 b6 9. Bd3 dxc4 10. Bxc4 Bb7 11. O-O Nc6 12. a3 Bxc3 13. bxc3 Rc8 14. Bd3 Na5 15. Ne5 Qd5 16. f3 Qb3 17. c4 Qxa3 18. Bg5 Qd6 19. Kh1 Nd7 20. Bf4 Nxe5 21. Bxe5 Qe7 22. Re1 Rfd8 23. d5 Qh4 24. Re4 Qh5 25. Bg3 g6 26. h3 exd5 27. cxd5 Qxd5 28. Rxc8 Bxc8 29. Qe2 Be6 30. Bc2 Qd2 31. Rxe6 fxe6 32. Qxe6+ Kf8 33. Qf6+ Kg8 34. Be5 Qd7 35. Be4 Nc4 36. Bd5+ Qxd5 37. Qg7# 1-0

[Event "January 9 Late 2024"]
[Site "https://www.chess.com"]
[Date "2024.01.09"]
[Round "3"]
[White "Christiansen, Johan-Sebastian"]
[Black "Hoffmann, Asa"]
[Result "1-0"]
[Board "51"]
[TimeControl "180+1"]
[WhiteFideId "1512668"]
[BlackFideId "2001470"]
[WhiteElo "2896"]
[BlackElo "2386"]
[WhiteTeam "NOR"]
[BlackTeam "USA"]
[WhiteClock "0:00:42"]
[BlackClock "0:00:56"]

1. e4 d6 2. d4 Nf6 3. Nc3 c6 4. Nf3 Bg4 5. h3 Bh5 6. Be3 e6 7. Be2 d5 8. e5 Nfd7 9. Ng1 Bg6 10. h4 h6 11. h5 Bh7 12. Nb1 c5 13. c3 Nc6 14. Nf3 Qb6 15. b3 cxd4 16. cxd4 Nb4 17. O-O Nc2 18. Nbd2 Nxa1 19. Qxa1 Ba3 20. g4 O-O-O 21. Nb1 Be7 22. Nc3 Kb8 23. Na4 Qb4 24. Bd2 Qa3 25. Bc1 Qb4 26. Bd2 Qa3 27. Bc1 Qb4 28. Qb2 Bg5 29. Nxg5 hxg5 30. Bxg5 Rc8 31. a3 Qf8 32. Bd1 f6 33. exf6 gxf6 34. Bf4+ e5 35. dxe5 fxe5 36. Bxe5+ Nxe5 37. Qxe5+ Ka8 38. Qxd5 Qd8 39. Qg2 Rg8 40. Bf3 Rb8 41. Nc5 Rg7 42. Ne6 Qe7 43. Nxg7 Qxg7 44. g5 Bf5 45. g6 Qh6 46. Re1 Qd2 47. Bxb7+ Rxb7 48. Re8+ Bc8 49. Rxc8# 1-0

[Event "January 9 Late 2024"]
[Site "https://www.chess.com"]
[Date "2024.01.09"]
[Round "3"]
[White "Gledura, Benjamin"]
[Black "Silvestre, Christian"]
[Result "1/2-1/2"]
[Board "52"]
[TimeControl "180+1"]
[WhiteFideId "712779"]
[BlackFideId "30956269"]
[WhiteElo "2892"]
[BlackElo "2302"]
[WhiteTeam "HUN"]
[BlackTeam "USA"]
[WhiteClock "0:00:02"]
[BlackClock "0:00:09"]

1. Nf3 Nf6 2. g3 g6 3. Bg2 Bg7 4. O-O O-O 5. c4 d5 6. cxd5 Nxd5 7. d4 Nb6 8. Nc3 Nc6 9. e3 e5 10. d5 Ne7 11. e4 Bg4 12. h3 Bxf3 13. Qxf3 c6 14. Rd1 cxd5 15. exd5 Nf5 16. Be3 Nc4 17. Bc5 Nd4 18. Bxd4 exd4 19. Na4 b5 20. Nc5 Nxb2 21. Rdc1 Nc4 22. Nd3 Rc8 23. a4 Nd2 24. Qd1 Rxc1 25. Rxc1 Nc4 26. axb5 Nb6 27. Rc6 Nxd5 28. Qa4 Nc3 29. Qc4 Qa5 30. Rc5 Qa1+ 31. Kh2 Ne2 32. h4 Qg1+ 33. Kh3 Nc3 34. Rc7 Qb1 35. Nb4 Qf5+ 36. Kh2 Qxb5 37. Qxb5 Nxb5 38. Rb7 Nd6 39. Rxa7 h5 40. Rd7 Nf5 41. Bd5 Nh6 42. Kg2 Bf6 43. Nc6 Rc8 44. Be4 Re8 45. f3 Rc8 46. Kh3 Kg7 47. g4 hxg4+ 48. fxg4 Re8 49. Bd5 g5 50. hxg5 Bxg5 51. Nxd4 Re3+ 52. Kg2 Kf6 53. Nf3 Nxg4 54. Rxf7+ Kg6 55. Rf8 Nf6 56. Bc4 Rc3 57. Be6 Bf4 58. Nh4+ Kg5 59. Nf3+ Kg6 60. Rf7 Rc2+ 61. Kh3 Rc3 62. Kg2 Rc2+ 63. Kf1 Rc3 64. Nh4+ Kg5 65. Nf5 Rc1+ 66. Ke2 Ne4 67. Kd3 Nf2+ 68. Kd4 Ng4 69. Ne7 Be5+ 70. Ke4 Bf6 71. Bxg4 Re1+ 72. Kd5 Rxe7 73. Rxe7 Bxe7 1/2-1/2

[Event "January 9 Late 2024"]
[Site "https://www.chess.com"]
[Date "2024.01.09"]
[Round "3"]
[White "Niekras, Dawid"]
[Black "Vachier-Lagrave, Maxime"]
[Result "0-1"]
[Board "53"]
[TimeControl "180+1"]
[WhiteFideId "1160451"]
[BlackFideId "623539"]
[WhiteElo "2709"]
[BlackElo "3156"]
[WhiteTeam "POL"]
[BlackTeam "FRA"]
[WhiteClock "0:00:01"]
[BlackClock "0:00:15"]

1. e4 c5 2. Nf3 d6 3. Nc3 Nf6 4. e5 dxe5 5. Nxe5 a6 6. g3 Nbd7 7. Nf3 b5 8. Bg2 Bb7 9. O-O e6 10. d3 Be7 11. a4 b4 12. Nb1 O-O 13. Nbd2 a5 14. Nc4 Ra6 15. Nfe5 Bxg2 16. Kxg2 Nxe5 17. Nxe5 Qd5+ 18. Nf3 c4 19. d4 Nd7 20. Re1 Bf6 21. Qe2 Rd8 22. Be3 Rc6 23. Kg1 Nf8 24. Rad1 Ng6 25. h4 h6 26. Bc1 Rcc8 27. Ne5 Ne7 28. Ng4 Nf5 29. Nxf6+ gxf6 30. c3 Kf8 31. Kh2 Ke7 32. Bf4 h5 33. Rc1 b3 34. Rg1 Rg8 35. Rce1 Rg4 36. Qe4 Rd8 37. Qxd5 Rxd5 38. Kh3 Rg6 39. Re2 Kd7 40. Rge1 Kc6 41. f3 Rd8 42. g4 hxg4+ 43. fxg4 Ne7 44. h5 Rg7 45. Rf2 Nd5 46. Bh6 Rh7 47. Bd2 Rg8 48. Rg1 f5 49. Kh4 Nf6 50. Bg5 Ne4 51. Rfg2 Rxg5 52. gxf5 Rhxh5# 0-1

[Event "January 9 Late 2024"]
[Site "https://www.chess.com"]
[Date "2024.01.09"]
[Round "3"]
[White "Leiva, Gianmarco"]
[Black "Fedoseev, Vladimir"]
[Result "0-1"]
[Board "54"]
[TimeControl "180+1"]
[WhiteFideId "3804399"]
[BlackFideId "24130737"]
[WhiteElo "2701"]
[BlackElo "3037"]
[WhiteTeam "PER"]
[BlackTeam "SLO"]
[WhiteClock "0:00:00"]
[BlackClock "0:00:12"]

1. d4 d5 2. Nf3 Nf6 3. Bf4 c5 4. e3 Nc6 5. Nbd2 cxd4 6. exd4 Bg4 7. c3 Qc8 8. h3 Bf5 9. Nh4 Bd7 10. Bd3 h6 11. Bg3 e6 12. O-O Be7 13. Nhf3 O-O 14. Ne5 Nxe5 15. dxe5 Ne8 16. Qh5 Bg5 17. Nf3 Be7 18. Bf4 f5 19. exf6 Nxf6 20. Qe5 Ne4 21. Bxe4 dxe4 22. Nd4 Qc5 23. Qxe4 Rxf4 24. Qxf4 e5 25. Qe4 exd4 26. cxd4 Qd6 27. Qxb7 Bc6 28. Qb3+ Bd5 29. Qd3 Bf6 30. b3 Rd8 31. Rad1 Qb6 32. Rfe1 Bf7 33. Qf3 Bxd4 34. Kh1 Rd6 35. Re7 Bg6 36. Qa8+ Kh7 37. Rb7 Qc6 38. Rb8 Qxa8 39. Rxa8 a6 40. Rc8 Bf7 41. Rc7 Kg8 42. Rc8+ Kh7 43. Rc7 Kg6 44. Rc2 Kf6 45. Re2 Bc5 46. Rxd6+ Bxd6 47. Rd2 Bb4 48. Rd4 a5 49. Rf4+ Ke7 50. Re4+ Kd6 51. f3 g5 52. h4 Bg6 53. Rd4+ Kc5 54. Rc4+ Kb6 55. hxg5 hxg5 56. Rg4 Bb1 57. Rxg5 Bxa2 58. Rg6+ Kc5 59. Rg5+ Kd4 60. Rg4+ Kc3 0-1

[Event "January 9 Late 2024"]
[Site "https://www.chess.com"]
[Date "2024.01.09"]
[Round "3"]
[White "Yoo, Christopher Woojin"]
[Black "Schmakel, Sam"]
[Result "1-0"]
[Board "55"]
[TimeControl "180+1"]
[WhiteFideId "30909694"]
[BlackFideId "2039311"]
[WhiteElo "2973"]
[BlackElo "2697"]
[WhiteTeam "USA"]
[BlackTeam "USA"]
[WhiteClock "0:00:03"]
[BlackClock "0:00:00"]

1. e4 e5 2. Nf3 Nc6 3. Bb5 a6 4. Ba4 Nf6 5. O-O Bc5 6. c3 b5 7. Bc2 d5 8. d4 exd4 9. e5 Ne4 10. cxd4 Bb6 11. Nc3 Bf5 12. Be3 O-O 13. Rc1 Nxc3 14. bxc3 Qd7 15. Re1 Ne7 16. Bg5 Bxc2 17. Qxc2 h6 18. Bxe7 Qxe7 19. g3 Qe6 20. Nh4 c5 21. Nf5 cxd4 22. cxd4 g6 23. Nxh6+ Kg7 24. Qd2 Rh8 25. Nxf7 Kxf7 26. h4 Rac8 27. Rc3 Ba5 28. Rf3+ Kg7 29. Qxa5 Rhf8 30. Rxf8 Rxf8 31. Qd2 Rc8 32. Rc1 Rxc1+ 33. Qxc1 Qg4 34. Qe3 Qd1+ 35. Kh2 Qc2 36. e6 Kg8 37. Qf3 Qc7 38. Qxd5 1-0

[Event "January 9 Late 2024"]
[Site "https://www.chess.com"]
[Date "2024.01.09"]
[Round "3"]
[White "Krishnan, Varun"]
[Black "Sanal, Vahap"]
[Result "0-1"]
[Board "56"]
[TimeControl "180+1"]
[WhiteFideId "5054508"]
[BlackFideId "6300545"]
[WhiteElo "2671"]
[BlackElo "2916"]
[WhiteTeam "USA"]
[BlackTeam "TUR"]
[WhiteClock "0:00:00"]
[BlackClock "0:00:16"]

1. e4 d6 2. d4 Nf6 3. Nc3 e5 4. Nge2 Be7 5. g3 c6 6. Bg2 b5 7. a3 a5 8. O-O Ba6 9. Be3 Nbd7 10. h3 b4 11. axb4 axb4 12. Na4 Bb5 13. b3 O-O 14. Qd2 d5 15. exd5 Nxd5 16. Rfe1 Bf6 17. dxe5 Nxe5 18. Nf4 Nxe3 19. Qxe3 g6 20. Rad1 Qc7 21. Qc5 Bg7 22. Nd5 Qb8 23. Ne7+ Kh8 24. Nb6 Ra7 25. Nbc8 Rb7 26. f4 Nd7 27. Qd6 Rxc8 28. Nxc8 Qxc8 29. Re7 Nf8 30. Rde1 Rxe7 31. Rxe7 Qf5 32. Re8 Kg8 33. h4 Qxc2 34. Qxb4 h5 35. Re7 Ne6 36. Re8+ Kh7 37. Qe7 Nd4 38. Qxf7 Qxb3 39. Qe7 Ne2+ 0-1

[Event "January 9 Late 2024"]
[Site "https://www.chess.com"]
[Date "2024.01.09"]
[Round "3"]
[White "Perske, Thore"]
[Black "Kadric, Denis"]
[Result "0-1"]
[Board "57"]
[TimeControl "180+1"]
[WhiteFideId "12902195"]
[BlackFideId "14403803"]
[WhiteElo "2642"]
[BlackElo "2876"]
[WhiteTeam "GER"]
[BlackTeam "MNE"]
[WhiteClock "0:00:53"]
[BlackClock "0:01:17"]

1. e4 d6 2. d4 Nf6 3. Nc3 e5 4. Nge2 Nbd7 5. g3 c6 6. a4 b6 7. Bg2 a6 8. O-O Be7 9. f4 Qc7 10. h3 h5 11. Be3 Bb7 12. Qd2 O-O 13. f5 exd4 14. Nxd4 Rfe8 15. Bf4 Bf8 16. Rae1 b5 17. axb5 axb5 18. b4 Ne5 19. Nb3 Ra3 20. Ra1 Rxa1 21. Rxa1 d5 22. exd5 Bxb4 23. dxc6 Bxc6 24. Qd4 Bxg2 25. Qxb4 Bxh3 26. Nxb5 Qxc2 27. Nd2 Nf3+ 28. Kf2 Ng4+ 29. Kxf3 Qd3+ 0-1

[Event "January 9 Late 2024"]
[Site "https://www.chess.com"]
[Date "2024.01.09"]
[Round "3"]
[White "Sherman, Raem"]
[Black "Brodsky, David"]
[Result "1-0"]
[Board "58"]
[TimeControl "180+1"]
[WhiteFideId "2822288"]
[BlackFideId "2073250"]
[WhiteElo "2639"]
[BlackElo "2849"]
[WhiteTeam "ISR"]
[BlackTeam "USA"]
[WhiteClock "0:00:38"]
[BlackClock "0:00:26"]

1. e4 c5 2. Nf3 d6 3. d4 cxd4 4. Nxd4 Nf6 5. Nc3 a6 6. Bg5 e6 7. f4 Be7 8. Qf3 Qc7 9. O-O-O Nbd7 10. g4 h6 11. Bxf6 Bxf6 12. h4 Nb6 13. g5 Bxd4 14. Rxd4 Qc5 15. Rd1 Bd7 16. Bd3 O-O-O 17. Kb1 Kb8 18. f5 hxg5 19. hxg5 Qe5 20. Qf2 Na4 21. Nxa4 Bxa4 22. fxe6 fxe6 23. Qg2 Bc6 24. a3 Rxh1 25. Rxh1 Rf8 26. g6 d5 27. Re1 Rf4 28. Qh2 dxe4 29. Bc4 Bd5 30. Qe2 Qd4 31. Bxd5 exd5 32. Qh2 Qf2 33. Qh8+ Ka7 34. Rc1 e3 35. Qxg7 e2 36. Qc3 Rg4 37. g7 d4 38. Qc5+ 1-0

[Event "January 9 Late 2024"]
[Site "https://www.chess.com"]
[Date "2024.01.09"]
[Round "3"]
[White "Olenik Campa, Rudi"]
[Black "Lobanov, Sergei"]
[Result "1-0"]
[Board "59"]
[TimeControl "180+1"]
[WhiteFideId "14633264"]
[BlackFideId "24183750"]
[WhiteElo "2582"]
[BlackElo "2847"]
[WhiteTeam "SLO"]
[BlackTeam "FID"]
[WhiteClock "0:00:42"]
[BlackClock "0:00:02"]

1. e4 e5 2. Nf3 Nc6 3. Bc4 Nf6 4. Qe2 Bc5 5. Ng5 O-O 6. Nxf7 Rxf7 7. Bxf7+ Kxf7 8. Qc4+ d5 9. Qxc5 Nxe4 10. Qe3 Nd4 11. Na3 Nf5 12. Qe2 Qh4 13. d3 Nf6 14. O-O Ng4 15. h3 Nd4 16. Qd1 Nf6 17. c3 Nc6 18. Nb5 Bf5 19. Qf3 Bg6 20. Nxc7 Rd8 21. Nb5 e4 22. dxe4 Bxe4 23. Qf4 Qh5 24. Nd6+ Kg8 25. Nxe4 Nxe4 26. Be3 Rf8 27. Qg4 Qf7 28. Rad1 Ne5 29. Qh4 Qe6 30. Bd4 Ng6 31. Qg4 Qf7 32. f3 Nd6 33. Bc5 Rd8 34. Qg5 Rd7 35. Qxd5 1-0